Map: Blueshift LE

Players

NeXa - Winner!

  • Race: Protoss Protoss
  • Spawn Location: 7:00

Buster

  • Race: Terran Terran
  • Spawn Location: 1:00

Event: WCS Montreal 2018

VOD

Have the link to the VOD?

Description

Time

  • Played on: Sept. 7, 2018, 12:40 p.m.
  • Length: 4:56

All games in this series

Show
View Real Time Build Order
Export as new Build Order

NeXa Protoss - Winner!

Build Orders:  

Get SALT Encoding   

  12  0:00  Probe  
  13  0:12  Probe  
  14  0:18  Pylon  
  14  0:25  Probe  
  15  0:33  Probe  
  15  0:37  Gateway  
  15  0:41  Probe  
  16  0:47  Assimilator  
  17  0:51  Probe  
  17  0:55  Assimilator  
  18  1:03  Probe  
  19  1:15  Probe  
  20  1:25  Cybernetics Core  
  20  1:27  Probe  
  21  1:33  Pylon  
  21  1:39  Probe  
  22  1:48  Pylon  
  22  1:52  Stalker  
  23  2:10  Stargate  
  21  2:23  Stalker  
  23  2:34  Probe  
  24  2:39  Warp Gate  
  24  2:43  Void Ray  
  28  3:02  Probe  
  29  3:14  Probe  
  29  3:16  Void Ray  
  30  3:26  Probe  
  34  3:59  Void Ray  
  38  4:04  Pylon  
  38  4:12  Pylon  
  40  4:24  Shield Battery  
  40  4:27  Shield Battery  
  38  4:44  Stalker  
Show
View Real Time Build Order
Export as new Build Order

Buster Terran 

Build Orders:  

Get SALT Encoding   

  12  0:01  SCV  
  13  0:15  Supply Depot  
  13  0:18  SCV  
  14  0:33  SCV  
  15  0:38  Barracks  
  15  0:43  Refinery  
  15  0:47  SCV  
  16  0:53  Refinery  
  16  0:59  SCV  
  18  1:11  SCV  
  19  1:26  Reaper, Orbital Command  
  19  1:38  Supply Depot  
  19  1:45  Factory  
  19  1:52  SCV  
  20  1:58  Reaper  
  21  2:04  SCV  
  22  2:16  SCV  
  23  2:28  SCV  
  25  2:30  Hellion, Reaper  
  26  2:41  SCV, Starport  
  26  2:42  Supply Depot  
  27  2:51  Hellion  
  29  2:53  SCV  
  32  3:13  Command Center  
  32  3:15  Cyclone  
  32  3:19  Starport Tech Lab  
  33  3:20  SCV  
  34  3:33  Barracks  
  34  3:34  Supply Depot  
  34  3:38  Banshee  
  37  3:45  Supply Depot  
  37  3:49  SCV  
  38  3:56  Cyclone  
  38  3:59  Supply Depot  
  41  4:15  Supply Depot  
  41  4:22  Marine  
  42  4:25  Engineering Bay  
  42  4:30  SCV  
Tags
 
Add a new tag
Caveats
  • Supply blocks, unpowered buildings, or Contaminate may cause inaccurate times.
  • Supply counts are checked every 10 seconds.